 Dungeon Crawl Stone Soup version 0.30-a0-760-g5a9884bb7c (webtiles) character file.

Game seed: 1351562113082739953

15383 jlumianski the Cleaver (level 12, -2/97 HPs)
             Began as a Demonspawn Fighter on Feb 10, 2023.
             Was an Elder of Qazlal.
             Slain by a yak (12 damage)
             ... on level 1 of the Lair of Beasts on Feb 11, 2023.
             The game lasted 01:09:17 (12389 turns).

jlumianski the Cleaver (Demonspawn Fighter)        Turns: 12389, Time: 01:09:18

Health: -2/97      AC: 11    Str: 21    XL:     12   Next: 0%
Magic:  17/19      EV: 13    Int: 10    God:    Qazlal [****..]
Gold:   834        SH: 15    Dex: 13    Spells: 11/11 levels left

rFire   . . .      SeeInvis +    r - +7 broad axe
rCold   x . .      Faith    .    c - +0 buckler
rNeg    . . .      Spirit   .    j - +0 plate armour
rPois   .          Reflect  +    (helmet restricted)
rElec   .          Harm     .    n - +2 cloak
rCorr   .          Rampage  .    (no gloves)
Will    .....                    (no boots) Stlth
                                 N - amulet of reflection
HPRegen 0.36/turn                s - +5 ring of evasion
MPRegen 0.16/turn                K - ring of see invisible

@: repel missiles
A: hooves 2, ignite blood 2, sturdy frame 2, antennae 1, deformed body, wild
magic 1, cold vulnerability 1
a: Renounce Religion, Upheaval, Elemental Force


You were on level 1 of the Lair of Beasts.
You worshipped Qazlal.
Qazlal was greatly pleased with you.
You visited 3 branches of the dungeon, and saw 15 of its levels.
You also visited: Ossuary and Bailey.

You collected 1363 gold pieces.
You spent 529 gold pieces at shops.

Inventory:

Hand Weapons
 a - a +1 war axe
 r - a +7 broad axe (weapon)
 M - the +3 quarterstaff "Qywk" {freeze, rN+}
   (You took it off a kobold on level 9 of the Dungeon)

   rN:        It protects you from negative energy.
 S - the +3 spear "Horphoin" {protect, Str+3}
   (You found it on level 7 of the Dungeon)

   Str:       It affects your strength (+3).
Missiles
 f - 65 poisoned darts
 g - 5 javelins
 q - 8 curare-tipped darts
 w - 8 atropa-tipped darts
 J - 18 boomerangs (quivered)
Armour
 c - a +0 buckler (worn)
 j - a +0 plate armour (worn)
 n - a +2 cloak (worn)
 W - a scarf of shadows
Jewellery
 p - a ring of protection from cold
 s - a +5 ring of evasion (left hand)
 y - a ring of positive energy
 K - a ring of see invisible (right hand)
 N - an amulet of reflection (around neck)
 R - a ring of protection from fire
 V - a +6 ring of intelligence
Wands
 k - a wand of iceblast (8)
 C - a wand of acid (7)
 P - a wand of mindburst (12)
 U - a wand of polymorph (3)
 X - a wand of flame (8)
 Y - a wand of digging (5)
 Z - a wand of paralysis (6)
Scrolls
 b - a scroll of magic mapping
 e - 7 scrolls of teleportation
 h - 5 scrolls of blinking
 o - 2 scrolls of silence
 u - 4 scrolls of fog
 v - 2 scrolls of vulnerability
 E - a scroll of enchant armour
 F - a scroll of noise
 G - a scroll of fear
 I - a scroll of identify
 L - 3 scrolls of amnesia
 O - 2 scrolls of poison
 T - a scroll of immolation
Potions
 d - a potion of might
 i - 3 potions of flight
 l - a potion of heal wounds
 m - a potion of mutation
 t - 3 potions of curing
 x - 2 potions of attraction
 A - 3 potions of cancellation
 B - a potion of brilliance
 D - 3 potions of lignification
 H - a potion of berserk rage
 Q - a potion of ambrosia
Miscellaneous
 z - a box of beasts


   Skills:
 * Level 9.9 Fighting
 + Level 10.7 Axes
 + Level 2.3 Throwing
 + Level 7.5 Armour
 + Level 1.8 Dodging
 - Level 1.3 Stealth
 + Level 6.6 Shields
 * Level 9.3 Invocations
 + Level 0.3 Evocations


You had 11 spell levels left.
You didn't know any spells.
Your spell library contained the following spells:

 Spells                   Type           Power      Damage    Failure   Level
 Magic Dart               Conj           0%         1d3       97%         1
 Sandblast                Erth           0%         2d4       97%         1
 Call Imp                 Summ           0%         N/A       99%         2
 Cigotuvi's Dreadful Rot  Necr/Pois/Air  0%         N/A       99%         2
 Ensorcelled Hibernation  Hex/Ice        0%         N/A       99%         2
 Passwall                 Tmut/Erth      0%         N/A       99%         2
 Poisonous Vapours        Pois/Air       0%         N/A       99%         2
 Frozen Ramparts          Ice            0%         1d1       100%        3
 Hailstorm                Conj/Ice       0%         3d3       100%        3
 Mephitic Cloud           Conj/Pois/Air  0%         N/A       100%        3
 Stone Arrow              Conj/Erth      0%         3d7       100%        3
 Swiftness                Air            0%         N/A       100%        3
 Ice Form                 Ice/Tmut       0%         N/A       100%        4
 Summon Ice Beast         Ice/Summ       0%         N/A       100%        4
 Simulacrum               Ice/Necr       0%         N/A       100%        6
 Chain Lightning          Conj/Air       0%         N/A       100%        9
 Fire Storm               Conj/Fire      0%         5d1       100%        9
 Shatter                  Erth           0%         3d5*      100%        9


Dungeon Overview and Level Annotations

Branches:
Dungeon (13/15)            Temple (1/1) D:6            Lair (1/5) D:8
    Orc (0/2) D:12        Ossuary (visited)          Bailey (visited)
 Vaults: D:13-14

Altars:
Ashenzari
Cheibriados
Dithmenos
Gozag
Hepliaklqana
Kikubaaqudgha
Makhleb
Nemelex Xobeh
Okawaru
Qazlal
Ru
Sif Muna
Trog
Uskayaw
Vehumet
Wu Jian
Xom
Yredelemnul

Shops:
D:5 :   D:7 *   D:9 ?   D:10 ??[


Innate Abilities, Weirdness & Mutations

You have hoof-like feet.
Your demonic aura often causes spilled blood to erupt in flames.
Your movements are less encumbered by armour. (ER -4)
You have a pair of small antennae on your head.
Armour fits poorly on your strangely shaped body.
Your spells are a little harder to cast, but a little more powerful.
You are vulnerable to cold. (rC-)


Message History

A yak comes into view.
The yak misses you.
A yak comes into view.
You barely miss the yak. You kick the yak.
The yak is heavily wounded.
You block the yak's attack.
You hit the yak. Your kick misses the yak.
The yak is severely wounded.
You hit the death yak but do no damage. The death yak gores you!
The yak gores you!
You hit the yak. You kick the yak, but do no damage.
The yak is severely wounded.
You slash the yak! You slash the death yak!
The death yak is engulfed in blazing flames.
The death yak misses you. You block the yak's attack.
The yak is engulfed in blazing flames.
You slash the yak!
The yak is almost dead.
You hit the death yak. You slash the yak! You hit the yak.
You kill the yak!
Qazlal accepts your kill.
You hear a loud, deep croak!
The death yak is engulfed in blazing flames.
The death yak gores you! The yak gores you!
* * * LOW HITPOINT WARNING * * *
The yak is engulfed in blazing flames.
You block the yak's attack.
You have reached level 12!
You feel clever.
You slash the death yak!
The death yak is severely wounded.
You hit the yak. You slash the yak!
You kill the yak!
Qazlal accepts your kill.
The storm surrounding you is now powerful enough to repel missiles.
You will now adapt resistances upon receiving elemental damage.
The death yak is engulfed in blazing flames.
The death yak gores you!
* * * LOW HITPOINT WARNING * * *
The yak is engulfed in blazing flames.
The yak gores you!
You die...

..#.##### ........#.#
##.. .......#..# .#.
#.........# ..##
..........# ...
.....#.P#.### ..#
#...........## ##Y.##
#........#...###YY☼.####
...#.....#....##@†.....>
...............§........
....###.####..>........#
........# #..###......#
..##....##..(## ......#
##.##...#....# ......#
....##.......# #.#####
#.......#.### ##
....#P.##..#


You could see a death yak and 2 yaks.

Vanquished Creatures
  A boulder beetle (D:12)
  A two-headed ogre (D:9)
  3 death yaks (Lair:1)
  Sonja (D:10)
  A gargoyle (D:10)
  2 cane toads (Lair:1)
  Maggie (D:9)
  A komodo dragon (Lair:1)
  2 kobold demonologists
  4 trolls
  3 hornets
  6 slime creatures (D:12)
  A shadow (D:8)
  2 wyverns
  11 yaks
  A steam dragon (D:10)
  An acid dragon (D:9)
  4 water moccasins
  3 black bears
  2 ice beasts
  4 orc warriors
  3 hornet zombies (Ossuary)
  A sky beast (D:8)
  2 centaurs
  A phantom (D:6)
  9 kobold brigands
  7 bullfrogs
  A necrophage (D:5)
  A gnoll sergeant (D:9)
  4 scorpions
  4 wights
  13 killer bees
  3 howler monkeys (D:10)
  9 centaur zombies (Ossuary)
  10 bullfrog zombies (Ossuary)
  5 hounds
  2 jellies
  4 orc priests
  Natasha (twice) (D:4)
  3 iguanas
  An orc wizard (D:5)
  Terence (D:3)
  3 killer bee zombies (Ossuary)
  10 mummies (Ossuary)
  2 howler monkey zombies (Ossuary)
  7 gnolls
  2 adders
  A shadow imp (D:6)
  4 white imps
  A worm (D:2)
  8 dart slugs
  22 orcs
  8 bats
  7 endoplasms
  3 giant cockroaches
  8 goblins
  9 hobgoblins
  7 jackals (D:2)
  5 quokkas
  6 ball pythons
  2 frilled lizards
  28 kobolds
  7 rats
  2 butterflies (Lair:1)
293 creatures vanquished.

Vanquished Creatures (collateral kills)
  An orc warrior (D:7)
  2 orcs (D:7)
3 creatures vanquished.

Vanquished Creatures (others)
  3 fungi
  8 plants
  7 toadstools (D:1)
  4 withered plants (Ossuary)
22 creatures vanquished.

Grand Total: 318 creatures vanquished

Notes
Turn   | Place    | Note
-------+----------+-------------------------------------------
     0 | D:1      | jlumianski the Demonspawn Fighter began the quest for the
                  | Orb.
     0 | D:1      | Reached XP level 1. HP: 18/18 MP: 1/1
   190 | D:1      | Gained mutation: Your demonic aura sometimes causes spilled
                  | blood to erupt in flames. [demonic ancestry]
   190 | D:1      | Reached XP level 2. HP: 24/24 MP: 2/2
   420 | D:1      | Reached skill level 2 in Axes
   717 | D:1      | Gained mutation: Your movements are slightly less
                  | encumbered by armour. (ER -2) [demonic ancestry]
   717 | D:1      | Reached XP level 3. HP: 28/29 MP: 3/3
  1045 | D:2      | Gained mutation: You have a pair of small antennae on your
                  | head. [potion of mutation]
  1045 | D:2      | Gained mutation: You have hidden genetic defects. [potion
                  | of mutation]
  1045 | D:2      | Gained mutation: Your spells are a little harder to cast,
                  | but a little more powerful. [potion of mutation]
  1132 | D:2      | Gained mutation: Armour fits poorly on your strangely
                  | shaped body. [hidden defects]
  1317 | D:2      | Gained mutation: You are vulnerable to cold. (rC-) [hidden
                  | defects]
  1317 | D:2      | Lost mutation: You have hidden genetic defects. [hidden
                  | defects expressed]
  1384 | D:2      | Gained mutation: Your demonic aura often causes spilled
                  | blood to erupt in flames. [demonic ancestry]
  1384 | D:2      | Reached XP level 4. HP: 35/35 MP: 4/4
  1982 | D:3      | Identified the +0 ring mail of an ossuary {*Corrode Regen+
                  | Int+4}
  1994 | D:3      | Gained mutation: You have large cloven feet. [demonic
                  | ancestry]
  1994 | D:3      | Reached XP level 5. HP: 29/42 MP: 5/5
  1998 | D:3      | Reached skill level 3 in Axes
  2376 | D:3      | Noticed Terence
  2390 | D:3      | Killed Terence
  2563 | D:4      | Noticed a black bear
  2573 | D:4      | Reached XP level 6. HP: 18/49 MP: 6/6
  2575 | D:4      | Reached skill level 4 in Axes
  2872 | D:4      | Noticed Natasha
  2878 | D:4      | Killed Natasha
  2879 | D:4      | Reached XP level 7. HP: 44/55 MP: 7/7
  3046 | D:4      | Noticed Natasha
  3053 | D:4      | Killed Natasha
  3148 | D:5      | Entered Level 5 of the Dungeon
  3311 | D:5      | Reached skill level 5 in Axes
  3326 | D:5      | Reached skill level 5 in Fighting
  3588 | D:5      | Reached skill level 1 in Stealth
  3595 | D:5      | Gained mutation: You have hoof-like feet. [demonic
                  | ancestry]
  3595 | D:5      | Reached XP level 8. HP: 49/62 MP: 8/8
  3929 | D:5      | Reached skill level 6 in Axes
  3995 | D:5      | Found Xakhuidd's Book Shop.
  4765 | D:6      | Reached skill level 5 in Armour
  5046 | D:6      | Found a staircase to the Ecumenical Temple.
  5055 | Temple   | Entered the Ecumenical Temple
  5111 | Temple   | Became a worshipper of Qazlal Stormbringer
  5349 | D:7      | Reached skill level 1 in Invocations
  5394 | D:7      | Found Dixkutt's General Store.
  5437 | D:7      | Found a sand-covered staircase.
  5442 | Ossuary  | Entered an ossuary
  5461 | Ossuary  | Reached skill level 7 in Axes
  5674 | Ossuary  | Reached XP level 9. HP: 57/71 MP: 10/10
  5687 | Ossuary  | Reached * piety under Qazlal
  7232 | D:7      | Reached skill level 8 in Axes
  7350 | D:7      | Identified the +3 spear "Horphoin" {protect, Str+3}
  7617 | D:7      | Identified the +9 falchion of Taher {freeze, Int+4}
  7813 | D:7      | Paralysed by a hornet for 3 turns
  7973 | D:8      | Reached ** piety under Qazlal
  8024 | D:8      | Found a staircase to the Lair.
  8242 | D:8      | Reached skill level 5 in Invocations
  8246 | D:8      | Gained mutation: Your movements are less encumbered by
                  | armour. (ER -4) [demonic ancestry]
  8246 | D:8      | Reached XP level 10. HP: 69/80 MP: 13/13
  8796 | D:8      | Identified a scroll of acquirement
  8796 | D:8      | Acquired 386 gold pieces
  8867 | D:9      | Reached skill level 5 in Shields
  8880 | D:9      | Reached skill level 1 in Dodging
  8895 | D:9      | Found Akung's Magic Scroll Boutique.
  8903 | D:9      | Bought a scroll of blinking for 82 gold pieces
  8951 | D:9      | Found a flagged portal.
  8956 | D:9      | Reached skill level 9 in Axes
  8964 | Bailey   | Entered a bailey
  9335 | Bailey   | Found a burning altar of Makhleb.
  9499 | D:9      | Noticed a two-headed ogre
  9506 | D:9      | Killed a two-headed ogre
  9507 | D:9      | Reached skill level 1 in Throwing
  9521 | D:9      | Bought a scroll of enchant armour for 82 gold pieces
  9521 | D:9      | Bought a scroll of identify for 22 gold pieces
  9521 | D:9      | Bought a scroll of magic mapping for 82 gold pieces
  9556 | D:9      | Identified the +3 quarterstaff "Qywk" {freeze, rN+}
  9568 | D:9      | Reached *** piety under Qazlal
  9742 | D:9      | Noticed Maggie
  9753 | D:9      | Killed Maggie
  9842 | D:10     | Entered Level 10 of the Dungeon
 10071 | D:10     | Found Zonokos's Magic Scroll Shoppe.
 10154 | D:9      | Reached XP level 11. HP: 65/87 MP: 16/16
 10345 | D:10     | Noticed Sonja
 10365 | D:10     | Killed Sonja
 10569 | D:10     | Found Kerinoqi's Antique Armour Shop.
 10795 | D:10     | Found a shadowy altar of Dithmenos.
 10795 | D:10     | Found a snail-covered altar of Cheibriados.
 10835 | D:10     | Bought a scroll of enchant weapon for 82 gold pieces
 10835 | D:10     | Bought a scroll of enchant weapon for 82 gold pieces
 11028 | D:10     | Found The Oracle's Delphic Readings.
 11039 | D:10     | Bought a scroll of enchant weapon for 97 gold pieces
 11112 | D:10     | You fall into a shaft and drop 3 floors!
 11150 | D:12     | Noticed a boulder beetle
 11167 | D:12     | Killed a boulder beetle
 11180 | D:12     | HP: 3/87 [slime creature (11)]
 11521 | D:12     | Noticed a red ugly thing
 11529 | D:11     | Reached skill level 10 in Axes
 12054 | Lair:1   | Entered Level 1 of the Lair of Beasts
 12372 | Lair:1   | Noticed a death yak
 12372 | Lair:1   | Noticed a death yak
 12374 | Lair:1   | Noticed a death yak
 12378 | Lair:1   | Killed a death yak
 12379 | Lair:1   | Noticed a death yak
 12380 | Lair:1   | Killed a death yak
 12383 | Lair:1   | Killed a death yak
 12389 | Lair:1   | Reached XP level 12. HP: 18/97 MP: 17/19
 12389 | Lair:1   | Reached **** piety under Qazlal
 12389 | Lair:1   | Slain by a yak

Illustrated notes

Levels and vault maps discovered:
D:1:      nagdon_arrival_double_spiral, layout_loops_cross
D:2:      layout_loops_ring, grunt_ministairs_9
D:3:      layout_rooms, serial_bayou, serial_bayou_pond_b, serial_bayou_shore_b,
          serial_bayou_pond_b, serial_bayou_lake_a, uniq_terence
D:4:      layout_loops_ring, uniq_natasha
D:5:      layout_loops_corners, serial_shops, shop, minmay_misc_feat_tower
D:6:      layout_loops_ring, temple_statues, roderic_roman_lattice,
          kennysheep_generic_room_13
D:7:      layout_basic, nicolae_ossuary_entry_false_entrances, serial_shops,
          nicolae_shop_advertising_works [nicolae_subvault_shop_adworks]
D:8:      layout_cave_pods, dpeg_oklobed_lair
D:9:      layout_basic, serial_shops, shop, enter_bailey_2, uniq_maggie
D:10:     layout_roguey, jmf_multi_god_temple, serial_shops, shop_fountains,
          nicolae_stop_n_shop_1, nicolae_nh_oracle_at_delphi, uniq_sonja
D:11:     layout_irregular_city
D:12:     layout_irregular_city, zombieorc2_lemuel, serial_shops, shop,
          shop_coins, nicolae_take_the_stairs, fedhas_bush_and_centaur_altar
D:13:     layout_loops_ring, minmay_statue_bubble
Temple:   nicolae_temple_bog_church
Lair:1:   layout_misc_corridors, lemuel_fruit_fields

Skill      XL: |  1  2  3  4  5  6  7  8  9 10 11 |
---------------+----------------------------------+-----
Armour         | 3 4 5 6 7 |  7.5
Axes           | 2 3 4 5 7 8 9 10 | 10.7
Shields        | 3 4 5 6 |  6.6
Fighting       | 4 5 6 7 8 9 |  9.9
Stealth        | 1 |  1.3
Invocations    | 2 5 6 9 |  9.3
Dodging        | 1 |  1.8
Throwing       | 1 2 |  2.3
Evocations     | |  0.3

Action                     |  1- 3 |  4- 6 |  7- 9 | 10-12 || total
---------------------------+-------+-------+-------+-------++-------
  Melee: War axe           |   152 |   101 |   365 |    76 ||   694
         Kick              |       |    15 |   130 |    78 ||   223
         Broad axe         |       |       |       |   179 ||   179
  Throw: Javelin           |     2 |     6 |     1 |     2 ||    11
         Boomerang         |       |       |       |    16 ||    16
 Invoke: Upheaval          |       |       |       |     3 ||     3
  Evoke: Wand              |       |       |       |     3 ||     3
    Use: Potion            |     2 |     1 |     3 |     4 ||    10
         Scroll            |       |     5 |    12 |    17 ||    34
 Armour: Scale mail        |    11 |       |       |       ||    11
         Plate armour      |   101 |    34 |   129 |    82 ||   346
  Dodge: Dodged            |    67 |    67 |   235 |   186 ||   555
  Block: Buckler           |    41 |    30 |   142 |   234 ||   447
         Reflection        |       |       |     1 |    15 ||    16

Table legend: (Time is in decaauts)
 A = Elapsed time spent in this place.
 B = Non-inter-level travel time spent in this place.
 C = Inter-level travel time spent in this place.
 D = Time resting spent in this place.
 E = Time spent auto-exploring this place.
 F = Levels seen in this place.
 G = Mean time per level.
                   A        B        C        D        E       F      G
               +--------+--------+--------+--------+--------+-----+--------+
         Total |  12732 |  12411 |    321 |   1406 |   6993 |  17 |  748.9 |
       Dungeon |  10862 |  10542 |    320 |    794 |   6722 |  13 |  835.5 |
        Temple |     83 |     83 |      0 |      0 |      0 |   1 |   83.0 |
          Lair |    338 |    338 |      0 |      0 |    169 |   1 |  338.0 |
       Ossuary |    973 |    973 |      0 |    400 |    101 |   1 |  973.0 |
        Bailey |    474 |    474 |      0 |    212 |      0 |   1 |  474.0 |
               +--------+--------+--------+--------+--------+-----+--------+

Top non-repeatable levels by time:
     D:5: 1567 daAuts
     D:7: 1274 daAuts
    D:10: 1126 daAuts
     D:2: 1106 daAuts
     D:9: 1056 daAuts
     D:6: 1004 daAuts
 Ossuary: 973 daAuts
     D:8: 926 daAuts
     D:1: 827 daAuts
     D:3: 722 daAuts
     D:4: 677 daAuts
  Bailey: 474 daAuts
    D:12: 378 daAuts
  Lair:1: 338 daAuts
    D:11: 156 daAuts
